 Dungeon Crawl Stone Soup version 0.25.0-3-gd7cc5688da (webtiles) character file.

Game seed: 17401092935288619741

89 Froggeryz the Cudgeler (level 4, -2/28 HPs)
             Began as a Gargoyle Monk on June 15, 2020.
             Slain by an iron imp (3 damage)
             ... summoned by Natasha
             ... on level 2 of the Dungeon.
             The game lasted 00:01:56 (1479 turns).

Froggeryz the Cudgeler (Gargoyle Monk)              Turns: 1479, Time: 00:01:56

Health: -2/28      AC: 10    Str: 15    XL:     4   Next: 55%
Magic:  4/4        EV: 11    Int: 11    God:
Gold:   48         SH:  0    Dex: 12    Spells: 3/3 levels left

rFire    . . .     SeeInvis .   a - +0 mace
rCold    . . .     Gourm    .   (no shield)
rNeg     + . .     Faith    .   k - +0 ring mail
rPois    ∞         Spirit   .   (no helmet)
rElec    +         Reflect  .   (no cloak)
rCorr    .         Harm     .   i - +0 pair of gloves
MR       .....                  (no boots)
Stlth    +.........             (no amulet)
HPRegen  0.09/turn              (no ring)
MPRegen  0.09/turn              (no ring)

@: brilliant, stab, flying, slowed, very slow
A: negative energy resistance 1, electricity resistance, unbreathing,
petrification resistance, rot immunity, AC +3
a: no special abilities


You were on level 2 of the Dungeon.
You were not hungry.

You visited 1 branch of the dungeon, and saw 2 of its levels.

You collected 48 gold pieces.

Inventory:

Hand Weapons
 a - a +0 mace (weapon)
Missiles
 h - 5 javelins (quivered)
Armour
 i - a +0 pair of gloves (worn)
 k - a +0 ring mail (worn)
Scrolls
 e - a scroll of identify {unknown}
Potions
 b - 2 potions of flight
Comestibles
 c - 3 rations
 g - 4 chunks of flesh


   Skills:
 - Level 3.2 Fighting
 * Level 4.7 Maces & Flails
 + Level 2.0 Armour
 - Level 2.4 Dodging
 - Level 2.1 Stealth


You had 3 spell levels left.
You didn't know any spells.
Your spell library was empty.

Dungeon Overview and Level Annotations

Branches:
Dungeon (2/15)

Altars:

Annotations:
D:2 Natasha


Innate Abilities, Weirdness & Mutations

You are resistant to torment.
Your stone body is resilient. (AC +3)
You are immune to poison.
You resist negative energy. (rN+)
You are resistant to electric shocks. (rElec)
You can survive without breathing.
You are immune to petrification.
You are immune to rotting.


Message History

You resist with some effort. The iron imp barely misses you.
It was a potion of stabbing.
You feel ready to backstab. Natasha claws you but does no damage.
The iron imp closely misses you. Natasha claws you but does no damage.
You barely miss Natasha. The iron imp barely misses you.
Natasha claws you but does no damage. The iron imp barely misses you.
Natasha completely misses you.
You barely miss Natasha.
The crimson imp blinks!
Natasha casts a spell at you.
The magic dart hits you but does no damage.
The iron imp hits you but does no damage.
The crimson imp blinks!
You closely miss Natasha. Natasha claws you but does no damage.
The iron imp closely misses you.
Natasha stares at you and mumbles some strange words.
The magic dart hits you!
* * * LOW HITPOINT WARNING * * *
The iron imp hits you.
You die...

#.........##### ..
######+#....# >.#######
#.#.##.#
........########.#.##.#
.......... .......<...###
...)...%.#########.#....#
.........#<#.......'....'
.<.......h(§5...##.#....#
.......%@#.#+##..#'######
.....!..5#............#
......................#
####.....##...........###
#.....##..............
........#...........##.
.........#...........#
.........########..###
...!.....# #...


You could see an iron imp (summoned), Natasha and a crimson imp (summoned).

Vanquished Creatures
  Natasha (D:2)
  2 oozes (D:1)
  A worm (D:1)
  3 dart slugs (D:1)
  A leopard gecko (D:1)
  2 ball pythons (D:1)
  10 bats
  A giant cockroach (D:1)
  5 hobgoblins (D:1)
  2 jackals (D:1)
  2 frilled lizards (D:1)
  5 goblins (D:1)
  5 kobolds (D:1)
  5 rats (D:1)
45 creatures vanquished.

Notes
Turn   | Place    | Note
-------+----------+-------------------------------------------
     0 | D:1      | Froggeryz the Gargoyle Monk began the quest for the Orb.
     0 | D:1      | Reached XP level 1. HP: 14/14 MP: 1/1
   142 | D:1      | Reached XP level 2. HP: 19/19 MP: 2/2
   546 | D:1      | Reached skill level 4 in Maces & Flails
   546 | D:1      | Reached skill level 1 in Armour
   546 | D:1      | Reached XP level 3. HP: 9/23 MP: 3/3
  1372 | D:2      | Noticed Natasha
  1406 | D:1      | Reached XP level 4. HP: 27/28 MP: 4/4
  1459 | D:2      | Killed Natasha
  1463 | D:2      | Noticed Natasha
  1479 | D:2      | HP: 1/28 [Natasha/magic dart (8)]
  1479 | D:2      | Slain by an iron imp

Illustrated notes

Levels and vault maps discovered:
D:1:      denvon_arrival_planthouse, layout_basic, minmay_heptomino_d4
D:2:      layout_basic, chequers_ecumenical_altar_simple_redux, uniq_natasha

Skill      XL: |  1  2  3  4 |
---------------+-------------+-----
Maces & Flails | 4 |  4.7
Armour         | 1 2 |  2.0
Fighting       | |  3.2
Dodging        | |  2.4
Stealth        | |  2.1

Action                   |  1- 3 |  4- 6 || total
-------------------------+-------+-------++-------
Melee: Mace              |   123 |    34 ||   157
  Use: Scroll            |     3 |       ||     3
       Potion            |       |     3 ||     3
 Stab: Sleeping          |     2 |       ||     2
  Eat: Chunk             |     2 |       ||     2
Armor: Leather armour    |    88 |       ||    88
       Ring mail         |     7 |    32 ||    39
Dodge: Dodged            |   148 |    41 ||   189
